 Dungeon Crawl Stone Soup version 0.28.0-45-g0d030f2227 (webtiles) character file.

Game seed: 9966505618254355565

16528 hawla the Fighter (level 12, -1/104 HPs)
             Began as a White Draconian Venom Mage on Apr 21, 2022.
             Was a Priest of Vehumet.
             Splashed by a brown ugly thing's acid (9 damage)
             ... on level 13 of the Dungeon on Apr 22, 2022.
             The game lasted 01:26:08 (20888 turns).

hawla the Fighter (White Draconian Venom Mage)     Turns: 20888, Time: 01:26:08

Health: -1/104     AC:  0    Str: 16    XL:     12   Next: 10%
Magic:  15/19      EV: 13    Int: 20    God:    Vehumet [***...]
Gold:   862        SH:  0    Dex: 15    Spells: 3/21 levels left

rFire   . . .      SeeInvis .   A - +0 quarterstaff (freeze)
rCold   + . .      Faith    .   (shield currently unavailable)
rNeg    . . .      Spirit   .   (armour unavailable)
rPois   .          Reflect  .   B - +1 hat
rElec   .          Harm     .   (no cloak)
rCorr   .          Rampage  .   i - +0 pair of gloves
Will    .....      Clarity  +   a - +1 pair of boots
Stlth   ++........              e - amulet of the acrobat
HPRegen 0.27/turn               l - +4 ring of protection
MPRegen 0.16/turn               m - +6 ring of strength

@: corroded, on berserk cooldown, slowed, studying Long Blades, very slow
A: breathe frost, AC +8, unfitting armour, cold resistance 1, cold-blooded,
agile 1, clarity
a: Breathe Frost, Renounce Religion


You were on level 13 of the Dungeon.
You worshipped Vehumet.
Vehumet was most pleased with you.
You visited 2 branches of the dungeon, and saw 14 of its levels.
You also visited: Sewer.

You collected 862 gold pieces.

Inventory:

Hand Weapons
 A - a +0 quarterstaff of freezing (weapon)
 H - a +1 scimitar of flaming
Missiles
 c - 23 poisoned darts (quivered)
 z - 5 boomerangs
 E - a curare-tipped dart
Armour
 a - a +1 pair of boots (worn)
 i - a +0 pair of gloves (worn)
 x - a +0 buckler
 B - a +1 hat (worn)
Jewellery
 e - an amulet of the acrobat (around neck)
 h - a ring of fire
 l - a +4 ring of protection (left hand)
 m - a +6 ring of strength (right hand)
 r - a ring of ice
 u - a ring of protection from fire
 y - a ring of protection from fire
 C - a ring of ice
Wands
 g - a wand of digging (6)
 j - a wand of charming (27)
 n - a wand of acid (8)
 p - a wand of iceblast (4)
 q - a wand of polymorph (13)
 F - a wand of flame (9)
Scrolls
 d - 2 scrolls of enchant armour
 f - 8 scrolls of identify
 k - 2 scrolls of teleportation
 t - 3 scrolls of enchant weapon
 w - 3 scrolls of magic mapping
Potions
 b - a potion of brilliance
 s - a potion of might
 v - 2 potions of curing
 D - a potion of berserk rage
 G - a potion of magic


   Skills:
 - Level 9.0 Fighting
 + Level 3.9 Staves
 - Level 6.0 Throwing
 - Level 3.2 Dodging
 - Level 3.4 Stealth
 - Level 4.0 Shields
 - Level 5.0 Spellcasting
 - Level 3.0 Conjurations
 - Level 7.0 Necromancy
 - Level 1.0 Translocations
 - Level 3.0 Transmutations
 - Level 3.0 Ice Magic
 - Level 6.5 Air Magic
 - Level 9.0 Poison Magic
 - Level 4.0 Evocations


You had 3 spell levels left.
You knew the following spells:

 Your Spells              Type           Power      Damage    Failure   Level
a - Sting                 Tmut/Pois      100%       1d8       1%          1
b - Olgreb's Toxic Radia  Pois           41%        N/A       1%          4
c - Mephitic Cloud        Conj/Pois/Air  29%        N/A       1%          3
d - Hailstorm             Conj/Ice       17%        3d6       9%          4
e - Dispel Undead         Necr           33%        3d14      6%          4
f - Freeze                Ice            68%        1d8       1%          1
g - Apportation           Tloc           18%        N/A       8%          1

Your spell library contained the following spells:

 Spells                   Type           Power      Damage    Failure   Level
 Animate Skeleton         Necr           66%        N/A       1%          1
 Corpse Rot               Necr/Air       64%        N/A       1%          2
 Poisonous Vapours        Pois/Air       72%        N/A       1%          2
 Sublimation of Blood     Necr           33%        N/A       1%          2
 Beastly Appendage        Tmut           34%        N/A       3%          1
 Spider Form              Tmut/Pois      29%        N/A       3%          3
 Wereblood                Tmut           17%        N/A       4%          2
 Summon Small Mammal      Summ           20%        N/A       12%         1
 Portal Projectile        Hex/Tloc       14%        N/A       28%         3
 Call Canine Familiar     Summ           5%         N/A       34%         3
 Death Channel            Necr           16%        N/A       69%         6
 Leda's Liquefaction      Hex/Erth       2%         N/A       75%         4
 Summon Hydra             Summ           2%         N/A       100%        7


Dungeon Overview and Level Annotations

Branches:
Dungeon (13/15)            Temple (1/1) D:6            Lair (0/6) D:10
    Orc (0/2) D:10          Sewer (visited)
 Vaults: D:13-14

Altars:
Ashenzari
Cheibriados
Dithmenos
Elyvilon
Fedhas
Gozag
Hepliaklqana
Kikubaaqudgha
Makhleb
Nemelex Xobeh
Okawaru
Qazlal
Ru
Sif Muna
Trog
Uskayaw
Vehumet
Wu Jian
Xom
Yredelemnul
Zin
The Shining One

Shops:
D:11 ?

Annotations:
D:6 Grinder


Innate Abilities, Weirdness & Mutations

You can breathe waves of freezing cold which knock back foes.
Your icy white scales are hard. (AC +8)
You cannot fit into any form of body armour.
Your flesh is cold resistant. (rC+)
You are cold-blooded and may be slowed by cold attacks.
You are agile. (Dex +2)
You possess an exceptional clarity of mind.


Message History

You hit the brown ugly thing but do no damage.
The brown ugly thing is heavily wounded.
The brown ugly thing barely misses you.
You barely miss the brown ugly thing.
The brown ugly thing is heavily wounded.
The brown ugly thing trunk-slaps you!
* * * LOW HITPOINT WARNING * * *
You are splashed with acid!
* * * LOW HITPOINT WARNING * * *
A red film seems to cover your vision as you go berserk!
You feel yourself moving faster!
You feel mighty!
The brown ugly thing closely misses you.
You barely miss the brown ugly thing.
The brown ugly thing is heavily wounded.
The brown ugly thing trunk-slaps you.
* * * LOW HITPOINT WARNING * * *
You are splashed with acid.
* * * LOW HITPOINT WARNING * * *
You sock the brown ugly thing! You freeze the brown ugly thing.
The brown ugly thing is severely wounded.
You barely miss the brown ugly thing.
The brown ugly thing is severely wounded.
The brown ugly thing completely misses you.
You barely miss the brown ugly thing.
The brown ugly thing is severely wounded.
The brown ugly thing trunk-slaps you.
* * * LOW HITPOINT WARNING * * *
The acid corrodes you!
You are splashed with acid!
* * * LOW HITPOINT WARNING * * *
You hit the brown ugly thing but do no damage.
The brown ugly thing is severely wounded.
You feel a strong urge to attack something.
You are no longer berserk.
You are exhausted.
You feel yourself slow down.
Found 15 bolts.
You feel better. The brown ugly thing trunk-slaps you.
* * * LOW HITPOINT WARNING * * *
The acid corrodes you!
You are splashed with acid!
You die...

#.##..<#....#........#
#.###.######.#######.....#
#..........#.# #.....#
#######.####.#.. #.....#
#...###.####.### #.#####
#......>...#.# #.#
#...##.##..#.# #+# #.
#.##.u#.#####.
#.##..@.......
#.##.#.####### #.##.#.#
#.##.... #.#####.# .. ..#
.(.


You could see a brown ugly thing.

Vanquished Creatures
  Fannar (D:10)
  A boulder beetle (D:11)
  A centaur warrior (D:11)
  3 two-headed ogres
  A manticore (D:11)
  2 cyclopes
  A gargoyle (D:10)
  A yaktaur (D:12)
  An efreet (D:12)
  2 komodo dragons (D:10)
  5 trolls
  A hornet (D:8)
  Prince Ribbit (D:8)
  22 yaks
  A shadow (D:12)
  3 wraiths
  A basilisk (D:13)
  3 vampire mosquitoes (D:12)
  An acid dragon (D:11)
  4 water moccasins
  5 orc warriors
  3 ice beasts
  Pargi (Sewer)
  3 sky beasts
  3 black bears
  4 boggarts (D:12)
  2 centaurs (D:11)
  A phantom (D:7)
  A kobold brigand (D:8)
  4 bullfrogs
  2 gnoll sergeants (D:9)
  6 scorpions
  A water moccasin skeleton (D:5)
  2 jellies
  4 wights
  3 howler monkeys (D:12)
  2 centaur zombies
  A hound (D:7)
  A bullfrog skeleton (D:6)
  2 gnoll shamans
  9 orc priests
  4 centaur skeletons
  5 iguanas
  4 orc wizards
  3 killer bee zombies
  A hound skeleton (D:4)
  A howler monkey zombie (D:9)
  3 river rats (D:5)
  6 adders
  18 gnolls
  A howler monkey skeleton (D:7)
  A shadow imp (D:7)
  A white imp (D:7)
  An ufetubus (D:5)
  An adder skeleton (D:4)
  3 worms
  24 orcs
  6 endoplasms
  9 giant cockroaches
  4 goblins
  10 hobgoblins
  A jackal (D:3)
  13 kobolds
  3 quokkas
  10 ball pythons
  7 bats
  5 frilled lizards
  13 rats
274 creatures vanquished.

Vanquished Creatures (others)
  35 fungi (D:10)
  51 plants (D:10)
86 creatures vanquished.

Grand Total: 360 creatures vanquished

Notes
Turn   | Place    | Note
-------+----------+-------------------------------------------
     0 | D:1      | hawla the Draconian Venom Mage began the quest for the Orb.
     0 | D:1      | Reached XP level 1. HP: 14/14 MP: 3/3
   364 | D:1      | Reached XP level 2. HP: 17/22 MP: 1/5
   610 | D:1      | Found a faded altar of an unknown god.
   835 | D:1      | Gained mutation: You possess an exceptional clarity of
                  | mind. [potion of mutation]
   835 | D:1      | Gained mutation: Your flesh is cold resistant. (rC+)
                  | [potion of mutation]
   835 | D:1      | Gained mutation: You are agile. (Dex +2) [potion of
                  | mutation]
  1029 | D:1      | Reached skill level 1 in Fighting
  1474 | D:2      | Reached XP level 3. HP: 18/28 MP: 2/6
  2765 | D:3      | Reached XP level 4. HP: 33/35 MP: 2/7
  3306 | D:4      | Noticed a scorpion
  3309 | D:4      | Killed a scorpion
  3310 | D:4      | Reached XP level 5. HP: 41/41 MP: 4/9
  3826 | D:4      | Reached XP level 6. HP: 14/50 MP: 0/10
  5209 | D:5      | Entered Level 5 of the Dungeon
  5403 | D:5      | Found a glowing drain.
  5421 | Sewer    | Entered a sewer
  5570 | Sewer    | Noticed Pargi
  5586 | Sewer    | Learned a level 4 spell: Olgreb's Toxic Radiance
  5611 | Sewer    | Killed Pargi
  5612 | Sewer    | Your scales start taking on an icy white colour.
  5612 | Sewer    | Reached XP level 7. HP: 55/57 MP: 4/12
  5612 | Sewer    | Mutation became permanent: Your flesh is cold resistant.
                  | (rC+) [White Draconian growth]
  5612 | Sewer    | Gained mutation: Your flesh is cold resistant. (rC+) [White
                  | Draconian growth]
  5766 | D:5      | Learned a level 3 spell: Mephitic Cloud
  6295 | D:5      | Reached skill level 1 in Throwing
  6295 | D:5      | Reached skill level 1 in Evocations
  6507 | D:5      | Reached skill level 1 in Conjurations
  6507 | D:5      | Reached skill level 1 in Air Magic
  7372 | D:6      | Reached skill level 5 in Poison Magic
  7753 | D:6      | Reached XP level 8. HP: 54/67 MP: 2/14
  7890 | D:6      | Reached skill level 5 in Fighting
  8093 | D:6      | Noticed Grinder
  8109 | D:6      | Paralysed by Grinder for 6 turns
  8117 | D:6      | Paralysed by Grinder for 7 turns
  8443 | D:7      | Learned a level 2 spell: Corpse Rot
  8467 | D:7      | Learned a level 4 spell: Dispel Undead
  8673 | D:7      | Reached skill level 1 in Necromancy
  9181 | D:6      | Found a staircase to the Ecumenical Temple.
  9397 | Temple   | Entered the Ecumenical Temple
  9501 | Temple   | Became a worshipper of Vehumet
 10395 | D:7      | Reached XP level 9. HP: 58/79 MP: 3/16
 10408 | D:7      | Reached skill level 5 in Spellcasting
 11116 | D:8      | Reached skill level 1 in Shields
 11306 | D:8      | Noticed Prince Ribbit
 11315 | D:8      | Killed Prince Ribbit
 11897 | D:8      | Reached * piety under Vehumet
 11897 | D:8      | Offered knowledge of Foxfire by Vehumet.
 12249 | D:8      | Noticed a two-headed ogre
 12288 | D:8      | Killed a two-headed ogre
 12289 | D:8      | Reached skill level 5 in Necromancy
 12855 | D:8      | Reached XP level 10. HP: 78/86 MP: 8/17
 13264 | D:9      | Noticed a two-headed ogre
 13283 | D:9      | Killed a two-headed ogre
 13730 | D:9      | Reached ** piety under Vehumet
 13731 | D:9      | Offered knowledge of Freeze by Vehumet.
 13743 | D:9      | Reached skill level 1 in Ice Magic
 13745 | D:9      | Learned a level 1 spell: Freeze
 13863 | D:9      | Found a hazy altar of Hepliaklqana.
 14287 | D:9      | You fall into a shaft and drop 2 floors!
 14444 | D:10     | Entered Level 10 of the Dungeon
 14537 | D:10     | Noticed a gargoyle
 14545 | D:10     | Killed a gargoyle
 14846 | D:10     | Reached XP level 11. HP: 97/97 MP: 8/18
 14881 | D:10     | Offered knowledge of Inner Flame by Vehumet.
 14882 | D:10     | Reached skill level 5 in Throwing
 14889 | D:10     | Found a staircase to the Lair.
 15338 | D:10     | Found a staircase to the Orcish Mines.
 15540 | D:10     | Reached *** piety under Vehumet
 15585 | D:10     | Noticed a two-headed ogre
 15609 | D:10     | Killed a two-headed ogre
 16602 | D:11     | Found a sacrificial altar of Ru.
 16680 | D:11     | Noticed a boulder beetle
 16692 | D:11     | Killed a boulder beetle
 16923 | D:11     | Noticed Fannar
 17538 | D:10     | Killed Fannar
 17539 | D:10     | Reached skill level 5 in Air Magic
 17904 | D:11     | Noticed a centaur warrior
 17926 | D:11     | Killed a centaur warrior
 18489 | D:11     | Reached skill level 1 in Staves
 18570 | D:11     | Found Ypuic's Magic Scroll Boutique.
 19104 | D:12     | Noticed a two-headed ogre
 19110 | D:12     | Noticed a two-headed ogre
 19307 | D:11     | Learned a level 1 spell: Apportation
 19500 | D:12     | Reached skill level 1 in Translocations
 19500 | D:12     | Reached XP level 12. HP: 90/104 MP: 12/19
 19637 | D:12     | Offered knowledge of Hailstorm by Vehumet.
 19644 | D:12     | Learned a level 4 spell: Hailstorm
 20882 | D:13     | HP: 7/156 [acid (8)]
 20888 | D:13     | Splashed by a brown ugly thing's acid

Illustrated notes

Levels and vault maps discovered:
D:1:      minmay_arrival_loop, layout_loops_corners,
          hellmonk_ecumenical_altar_run_dry
D:2:      layout_basic
D:3:      layout_basic, kennysheep_generic_room_10
D:4:      layout_rooms, minmay_quadrilaterals
D:5:      layout_loops_corners, portal_sewer_entry_e,
          nicolae_figureground_sparkle
D:6:      layout_basic, minmay_temple_entry_fiery, uniq_grinder
D:7:      layout_loops_ring
D:8:      layout_layer_cave, uniq_prince_ribbit1
D:9:      layout_roguey, mainiacjoe_overflow_brackets
D:10:     layout_gridville, due_lair_maze_entry_diamond, david_orc_2
D:11:     layout_loops_ring, serial_shops, kennysheep_mini,
          nicolae_ru_sacrificial_ziggurat, uniq_fannar
D:12:     layout_rooms
D:13:     layout_basic
Temple:   compressed_dpeg_circular_temple

Skill      XL: |  1  2  3  4  5  6  7  8  9 10 11 12 |
---------------+-------------------------------------+-----
Dodging        | 2 3 |  3.2
Stealth        | 2 3 |  3.4
Fighting       | 1 2 3 4 7 9 |  9.0
Transmutations | 2 3 |  3.0
Spellcasting   | 3 4 5 |  5.0
Poison Magic   | 4 5 6 7 9 |  9.0
Throwing       | 1 4 6 |  6.0
Evocations     | 1 2 3 4 |  4.0
Conjurations   | 1 2 3 |  3.0
Air Magic      | 1 2 3 6 |  6.5
Necromancy     | 3 5 7 |  7.0
Shields        | 4 |  4.0
Ice Magic      | 1 2 3 |  3.0
Staves         | 2 3 |  3.9
Translocations | 1 |  1.0

Action                   |  1- 3 |  4- 6 |  7- 9 | 10-12 || total
-------------------------+-------+-------+-------+-------++-------
Melee: Unarmed           |    22 |    80 |   234 |   108 ||   444
       Punch             |     1 |     1 |     4 |       ||     6
       Tailslap          |       |    14 |    49 |    38 ||   101
       Quarterstaff      |       |       |       |    96 ||    96
Throw: Dart              |       |       |    10 |    56 ||    66
       Throwing net      |       |       |       |     2 ||     2
 Cast: Sting             |    74 |   136 |   170 |   125 ||   505
       Olgreb's Toxic Ra |       |     1 |    19 |    62 ||    82
       Mephitic Cloud    |       |       |     5 |     9 ||    14
       Dispel Undead     |       |       |     6 |    15 ||    21
       Freeze            |       |       |       |    32 ||    32
       Hailstorm         |       |       |       |     4 ||     4
 Abil: Breathe Frost     |       |       |     2 |     7 ||     9
Evoke: Wand              |       |       |     3 |     8 ||    11
  Use: Scroll            |     3 |     4 |     7 |     8 ||    22
       Potion            |     1 |     3 |     4 |     4 ||    12
 Stab: Confused          |       |       |     4 |     5 ||     9
Armor: Skin              |    17 |    78 |   188 |   155 ||   438
Dodge: Dodged            |    33 |   159 |   333 |   252 ||   777
Block: Buckler           |       |       |    20 |    59 ||    79
